 Dungeon Crawl Stone Soup version 0.21.0-24-g2553a33 (webtiles) character file.

1390 Monsterracer the Grappler (level 8, -8/67 (70) HPs)
             Began as a Ghoul Skald on Jan 19, 2018.
             Was an Initiate of Makhleb.
             Mangled by an orc warrior
             ... wielding a +0 dire flail
              (20 damage)
             ... on level 7 of the Dungeon.
             The game lasted 00:08:55 (5687 turns).

Monsterracer the Grappler (Ghoul Skald)             Turns: 5687, Time: 00:08:56

HP:   -8/67 (70)    AC: 15    Str: 17    XL:     8   Next: 68%
MP:   9/9           EV:  7    Int:  8    God:    Makhleb [......]
Gold: 378           SH:  0    Dex:  8    Spells: 5/10 levels left

rFire    . . .     SeeInvis +     - Unarmed
rCold    + . .     Gourm    .   (no shield)
rNeg     + + +     Faith    +   p - +0 chain mail
rPois    ∞         Spirit   .   w - +1 helmet
rElec    .         Reflect  .   (no cloak)
rCorr    .         Harm     .   (no gloves)
MR       .....                  m - +0 pair of boots
Stlth    ..........             k - amulet of faith
HPRegen  0.00/turn              y - +3 ring of protection
MPRegen  0.11/turn              d - ring of see invisible

@: rotting, invisible
A: rotting body, claws 1, carnivore, cold resistance 1, negative energy
resistance 3, inhibited regeneration, torment resistance, unbreathing
a: Renounce Religion


You were on level 7 of the Dungeon.
You worshipped Makhleb.
Makhleb was noncommittal.
You were not hungry.

You visited 1 branch of the dungeon, and saw 7 of its levels.

You collected 378 gold pieces.

Inventory:

Armour
 g - a cursed -1 leather armour
 m - a +0 pair of boots (worn)
 p - a +0 chain mail (worn)
 w - a +1 helmet (worn)
Jewellery
 a - an uncursed ring of fire
 d - a ring of see invisible (right claw)
 h - an uncursed ring of wizardry
 k - an amulet of faith (around neck)
 y - a +3 ring of protection (left claw)
Wands
 b - a wand of digging (20)
 v - a wand of iceblast (10)
Scrolls
 e - a scroll of fog
 f - a scroll of teleportation
 i - 5 scrolls of identify
 l - 3 scrolls of magic mapping {!r}
 u - 2 scrolls of remove curse
Potions
 j - a potion of brilliance
 r - a potion of agility
 t - a potion of invisibility
Comestibles
 c - 12 rations


   Skills:
 + Level 5.6 Fighting
 + Level 4.1 Armour
 - Level 2.1 Dodging
 * Level 8.8 Unarmed Combat
 - Level 1.7 Spellcasting
 - Level 2.6 Charms
 + Level 0.4 Invocations


You had 5 spell levels left.
You knew the following spells:

 Your Spells              Type           Power        Failure   Level  Hunger
c - Regeneration          Chrm/Necr      #.........   100%        3    ####...
h - Song of Slaying       Chrm           #.......     95%         2    ###....


Dungeon Overview and Level Annotations

Branches:
Dungeon (7/15)
 Temple: D:4-7

Altars:
Ashenzari
Makhleb
Nemelex Xobeh
Sif Muna
Vehumet
Xom
Zin
The Shining One


Innate Abilities, Weirdness & Mutations

Your body is rotting away.
You thrive on raw meat.
You are immune to poison.
You have sharp fingernails.
You are carnivorous and can eat meat at any time.
Your flesh is cold resistant. (rC+)
You are immune to negative energy. (rN+++)
You do not regenerate when monsters are visible.
You are immune to unholy pain and torment.
You can survive without breathing.


Message History

The worker ant bites you.
* * * LOW HITPOINT WARNING * * *
You take 2 damage, and have 9/69 hp.
There is a stone staircase leading up here.
The worker ant barely misses you.
You climb upwards.
There is a stone staircase leading down here.
Unknown command.
You barely miss the worker ant. The worker ant closely misses you.
You scratch the worker ant.
The worker ant is moderately wounded.
The worker ant bites you but does no damage.
You barely miss the worker ant.
The worker ant is moderately wounded.
The worker ant barely misses you.
Unknown command.
You scratch the worker ant but do no damage.
The worker ant is moderately wounded.
The worker ant bites you but does no damage.
Your chain mail prevents you from hitting the worker ant.
The worker ant is moderately wounded.
The worker ant bites you but does no damage.
Unknown command.
You closely miss the worker ant.
The worker ant is moderately wounded.
The worker ant barely misses you.
You claw the worker ant!
You kill the worker ant!
Makhleb accepts your kill.
Unknown command.
You start resting.
You feel your flesh rotting away.
You regained 4 hp, and now have 14/69 hp.
There is a stone staircase leading down here.
You see here a potion of berserk rage {!q}.
There is a stone staircase leading down here.
You regained 9 hp, and now have 23/69 hp.
You start resting.
You feel your flesh rotting away.
You regained 23 hp, and now have 46/68 hp.
You start resting.
HP restored.
Health restored: 68 You climb downwards.
Found 12 gold pieces.
There is a stone staircase leading up here.
You now have 378 gold pieces (gained 12).
The orc shouts!
The orc is too close now for your liking.
An orc is nearby!
The orc warrior shouts!
You claw the orc!
You kill the orc!
Makhleb accepts your kill.
You closely miss the orc warrior.
You claw the orc warrior, but do no damage.
You closely miss the orc warrior.
The orc warrior hits you with a dire flail!
You take 14 damage, and have 54/68 hp.
MASSIVE DAMAGE!!
You scratch the orc warrior but do no damage.
The orc warrior barely misses you.
You closely miss the orc warrior.
The orc warrior hits you but does no damage.
You scratch the orc warrior.
The orc warrior is lightly wounded.
You scratch the orc warrior.
The orc warrior is moderately wounded.
You feel your flesh rotting away.
The orc warrior hits you with a dire flail!
You take 10 damage, and have 44/67 hp.
You scratch the orc warrior but do no damage.
The orc warrior is moderately wounded.
The orc warrior barely misses you.
You barely miss the orc warrior.
The orc warrior is moderately wounded.
The orc warrior hits you with a dire flail.
You take 3 damage, and have 41/67 hp.
You claw the orc warrior!
The orc warrior is severely wounded.
You scratch the orc warrior but do no damage.
The orc warrior is severely wounded.
The orc warrior hits you but does no damage.
You scratch the orc warrior.
The orc warrior is severely wounded.
The orc warrior hits you with a dire flail!!
* * * LOW HITPOINT WARNING * * *
You take 21 damage, and have 20/67 hp.
MASSIVE DAMAGE!!
You closely miss the orc warrior.
The orc warrior is severely wounded.
The orc warrior barely misses you.
You barely miss the orc warrior.
The orc warrior is severely wounded.
You scratch the orc warrior but do no damage.
The orc warrior is severely wounded.
The orc warrior hits you with a dire flail!
* * * LOW HITPOINT WARNING * * *
You take 8 damage, and have 12/67 hp.
You fade into invisibility!
The orc warrior hits you with a dire flail!!
You die...

#........##.#
#######.......
#.........#.# ...# #..#....
#.........#.###
#.###..#....
#........##.#..
#......#....
#########...#.#
#..o#.##o...
#.....#.###.###.#.#.oo....
##+###.#.###.......####....
#........#.o)......# #....
#......###@#####..<# ####+
#..........# #...#
#......##### ##### #......#
########


You could see an orc warrior.

Vanquished Creatures
  The ghost of Monsterracer the Destroyer, a novice TeWz of Ashenzari (D:6)
  A sky beast (D:5)
  A necrophage (D:6)
  A phantom (D:6)
  A centaur (D:5)
  A howler monkey (D:6)
  A hound (D:6)
  2 orc priests
  4 orc wizards
  2 iguanas
  7 worker ants
  Terence (D:2)
  3 adders
  An ooze (D:2)
  2 adder skeletons (D:4)
  A worm (D:2)
  A dart slug (D:1)
  A leopard gecko (D:2)
  11 orcs
  6 bats
  3 giant cockroaches
  6 goblins
  10 hobgoblins
  8 jackals
  3 quokkas
  A ball python (D:5)
  5 frilled lizards
  7 kobolds
  A leopard gecko skeleton (D:6)
  A leopard gecko zombie (D:5)
  7 rats
101 creatures vanquished.

Notes
Turn   | Place    | Note
-------+----------+-------------------------------------------
     0 | D:1      | Monsterracer the Ghoul Skald began the quest for the Orb.
     0 | D:1      | Reached XP level 1. HP: 17/17 MP: 2/2
    21 | D:1      | HP: 7/17 [hobgoblin (5)]
   206 | D:1      | Reached XP level 2. HP: 24/24 MP: 3/3
   208 | D:1      | Reached skill level 3 in Unarmed Combat
   681 | D:1      | Reached XP level 3. HP: 29/29 MP: 4/4
   782 | D:1      | Learned a level 2 spell: Song of Slaying
  1055 | D:2      | Reached skill level 4 in Unarmed Combat
  1587 | D:2      | HP: 14/29 [worm (7)]
  1887 | D:3      | Reached XP level 4. HP: 36/36 MP: 5/5
  1895 | D:3      | Learned a level 3 spell: Regeneration
  1919 | D:3      | Found a shimmering altar of Xom.
  1935 | D:3      | Found a deep blue altar of Sif Muna.
  1937 | D:3      | Found a glowing silver altar of Zin.
  2063 | D:3      | Found a shattered altar of Ashenzari.
  2184 | D:3      | Noticed Terence
  2237 | D:2      | Killed Terence
  2429 | D:4      | Noticed an ogre
  2434 | D:3      | HP: 13/37 [ogre/giant spiked club (7)]
  2451 | D:3      | HP: 12/37 [adder (1)]
  2465 | D:2      | Reached skill level 5 in Unarmed Combat
  2465 | D:2      | Reached XP level 5. HP: 33/42 MP: 6/6
  2629 | D:4      | Reached skill level 1 in Armour
  2631 | D:4      | HP: 20/44 [orc/dagger (4)]
  2961 | D:3      | Found a glowing golden altar of the Shining One.
  2961 | D:3      | Found a radiant altar of Vehumet.
  3053 | D:3      | Reached XP level 6. HP: 39/51 MP: 7/7
  3129 | D:4      | Noticed an orc warrior
  3170 | D:4      | Found a sparkling altar of Nemelex Xobeh.
  3184 | D:5      | Entered Level 5 of the Dungeon
  3198 | D:5      | HP: 23/51 [orc priest/divine providence (12)]
  3207 | D:5      | HP: 25/51 [orc/club (1)]
  3213 | D:5      | HP: 21/51 [orc/flail (4)]
  3217 | D:5      | Reached skill level 6 in Unarmed Combat
  3233 | D:5      | HP: 24/51 [orc wizard/magic dart (4)]
  3242 | D:5      | HP: 18/52 [orc/flail (7)]
  3498 | D:5      | HP: 24/52 [centaur (3)]
  3501 | D:5      | Reached XP level 7. HP: 32/59 MP: 8/8
  4477 | D:6      | Reached skill level 7 in Unarmed Combat
  4491 | D:6      | Noticed Monsterracer's ghost (novice TeWz)
  4501 | D:6      | Killed Monsterracer's ghost
  4501 | D:6      | Reached skill level 5 in Fighting
  4501 | D:6      | Reached skill level 8 in Unarmed Combat
  4501 | D:6      | Reached XP level 8. HP: 68/68 MP: 9/9
  5034 | D:6      | Found a burning altar of Makhleb.
  5047 | D:6      | Became a worshipper of Makhleb the Destroyer
  5343 | D:7      | HP: 27/67 [orc warrior/dire flail (12)]
  5345 | D:7      | HP: 9/67 [orc warrior/dire flail (18)]
  5352 | D:7      | HP: 11/69 [worker ant (4)]
  5358 | D:7      | HP: 9/69 [worker ant (2)]
  5682 | D:7      | HP: 20/67 [orc warrior/dire flail (21)]
  5687 | D:7      | Mangled by an orc warrior

Skill      XL: |  1  2  3  4  5  6  7  8 |
---------------+-------------------------+-----
Unarmed Combat | 3 4 5 6 8 |  8.8
Dodging        | 2 |  2.1
Armour         | 1 2 3 4 |  4.1
Fighting       | 3 4 5 |  5.6
Spellcasting   | |  1.7
Charms         | |  2.6
Invocations    | |  0.4

Action                   |  1- 3 |  4- 6 |  7- 9 || total
-------------------------+-------+-------+-------++-------
Melee: Unarmed           |   117 |   217 |   131 ||   465
       Punch             |     1 |     4 |     3 ||     8
 Cast: Infusion          |     1 |       |       ||     1
  Use: Scroll            |       |    12 |     3 ||    15
       Potion            |       |       |     2 ||     2
  Eat: Chunk             |    13 |    21 |     3 ||    37
Armor: Leather armour    |    19 |    21 |       ||    40
       Chain mail        |       |   143 |    66 ||   209
Dodge: Dodged            |    59 |   112 |    45 ||   216

Vault maps used:
D:1:      dpeg_arrival_tiny_h, corexii_leaking_fountain
D:3:      old_standard_altar, nicolae_overflow_hidden_temple, uniq_terence
D:4:      kennysheep_mini_moat, uniq_ijyb
D:5:      first_ration
D:6:      makhleb_heckhound_becter, st_stairs_12
D:7:      minmay_cornered_nines, minmay_temple_entry_nine_rooms
